 Dungeon Sprint DCSS version 0.21.0-24-g2553a33 (webtiles) character file.

163 wojtek the Cleaver (level 5, -14/51 HPs)
             Began as a Minotaur Berserker on Jan 21, 2018.
             Was an Elder of Trog.
             Killed from afar by a deep elf mage (40 damage)
             ... with a bolt of magma
             ... in the Dungeon (Sprint III: "The Ten Rune Challenge").
             The game lasted 00:00:48 (400 turns).

wojtek the Cleaver (Minotaur Berserker)              Turns: 400, Time: 00:00:49

Health: -14/51     AC:  3    Str: 22    XL:     5   Next: 20%
Magic:  4/4        EV: 14    Int:  4    God:    Trog [****..]
Gold:   35         SH:  0    Dex: 10    Spells: 4/4 levels left

rFire    . . .     SeeInvis .   a - +0 hand axe
rCold    . . .     Gourm    .   (no shield)
rNeg     . . .     Faith    .   b - +0 animal skin
rPois    .         Spirit   .   (helmet restricted)
rElec    .         Reflect  .   l - +0 cloak
rCorr    .         Harm     .   (no gloves)
MR       .....     NoTele   +   (no boots)
Stlth    +.........             (no amulet)
HPRegen  0.17/turn              (no ring)
MPRegen  0.09/turn              (no ring)

@: no status effects
A: retaliatory headbutt, horns 2
a: Berserk, Trog's Hand, Brothers in Arms, Burn Spellbooks, Renounce Religion


You were in the Dungeon.
You worshipped Trog.
Trog was greatly pleased with you.
You were not hungry.

You visited 1 branch You collected 35 gold pieces.

Inventory:

Hand Weapons
 a - a +0 hand axe (weapon)
Armour
 b - a +0 animal skin (worn)
 l - a +0 cloak (worn)
Scrolls
 i - a scroll of blinking
 n - a scroll of torment {unknown}
 o - 2 scrolls of identify {unknown}
 p - 2 scrolls of remove curse
 r - 3 scrolls of immolation {unknown}
 s - a scroll of fear {unknown}
Potions
 d - a potion of curing
 e - a potion of heal wounds
 f - a potion of haste
 g - 2 potions of magic
 h - a potion of berserk rage
 k - a potion of cancellation {unknown}
 m - 3 potions of mutation {unknown}
 q - a potion of agility {unknown}
 t - a potion of brilliance {unknown}
 u - 2 potions of flight
Comestibles
 c - 3 rations
 v - a chunk of flesh


   Skills:
 + Level 6.7 Fighting
 * Level 8.8 Axes
 + Level 6.1 Armour
 + Level 5.5 Dodging


You had 4 spell levels left.
You didn't know any spells.

Dungeon Overview and Level Annotations

Branches:
Dungeon (1/1)

Altars:
Elyvilon
Kikubaaqudgha
Sif Muna
Vehumet
Zin
The Shining One


Innate Abilities, Weirdness & Mutations

You reflexively headbutt those who attack you in melee.
You have a pair of horns on your head.


Message History

Found a glowing silver altar of Zin.
A deep elf mage comes into view.
It is wielding a long sword of holy wrath.
The deep elf mage shouts!
Found two altars.
There is an open door here.
Drop what? 22/52 slots (_ for help) (? for menu, Esc to quit)
You drop a book of Misfortune.
The deep elf mage points at you and mumbles some strange words.
The stone arrow hits you!
The spellbook bursts into flames.
Trog is delighted!
You can now call in reinforcements.
The deep elf mage is engulfed in blazing flames.
The deep elf mage hits you with a long sword of holy wrath!
You slash the deep elf mage! Your headbutt misses the deep elf mage.
The deep elf mage is heavily wounded.
The deep elf mage is engulfed in blazing flames.
The deep elf mage points at you and mumbles some strange words.
The bolt of magma hits you!
Ouch! That really hurt!
You die...

▓▓▓▓▓▓▓▓ ▓▓▓ ..'....♣♣♣
♣.##### ..#....♣.♣
♣♣.#___# ###......♣
♣..#...#
..#....≈♣♣♣♣..###e#+###+
..#...≈≈....♣.#.@........
.[#).≈≈≈≈.♣...'.⌠........
#'#..≈≈≈≈≈≈♣♣.#...######+
..#.≈≈≈≈≈≈....#.⌠.#
..#.≈≈≈≈≈.....#...#
..#.≈≈≈.......#)###
###...........#.).#
..............#___#
▓▓▓▓▓▓▓▓▓▓▓▓▓▓▓▓▓▓▓


You could see a deep elf mage.

Vanquished Creatures
  A water elemental (D)
  Crazy Yiuf (D)
  A wizard (D)
  A human (D)
  A kobold demonologist (D)
  2 oozes (D)
  2 rats (D)
9 creatures vanquished.

Vanquished Creatures (others)
  2 draconian scorchers (D)
  6 hellions (D)
  A yaktaur (D)
  3 plants (D)
12 creatures vanquished.

Grand Total: 21 creatures vanquished

Notes
Turn   | Place    | Note
-------+----------+-------------------------------------------
     0 | D        | wojtek the Minotaur Berserker began the quest for the Orb.
     0 | D        | Reached XP level 1. HP: 19/19 MP: 0/0
     5 | D        | Reached skill level 4 in Axes
     6 | D        | Reached XP level 2. HP: 26/27 MP: 1/1
    15 | D        | Reached ** piety under Trog
    73 | D        | Killed a hellion
    78 | D        | Noticed Crazy Yiuf
    78 | D        | Killed a yaktaur
    83 | D        | Killed Crazy Yiuf
    83 | D        | Reached skill level 5 in Fighting
    83 | D        | Reached skill level 6 in Axes
    83 | D        | Reached XP level 3. HP: 36/36 MP: 2/2
    97 | D        | Killed a hellion
   122 | D        | Killed a white draconian scorcher
   128 | D        | Killed a hellion
   144 | D        | Killed a white draconian scorcher
   162 | D        | Killed a hellion
   188 | D        | Noticed a water elemental
   192 | D        | Killed a water elemental
   192 | D        | Reached *** piety under Trog
   192 | D        | Reached skill level 8 in Axes
   192 | D        | Reached skill level 5 in Armour
   192 | D        | Reached skill level 5 in Dodging
   192 | D        | Reached XP level 4. HP: 30/44 MP: 3/3
   195 | D        | Killed a hellion
   218 | D        | Killed a hellion
   340 | D        | Found a radiant altar of Vehumet.
   340 | D        | Found a deep blue altar of Sif Muna.
   340 | D        | Found an ancient bone altar of Kikubaaqudgha.
   340 | D        | Noticed a wizard
   341 | D        | Killed a wizard
   341 | D        | Reached XP level 5. HP: 51/51 MP: 4/4
   395 | D        | Found a glowing silver altar of Zin.
   396 | D        | Found a glowing golden altar of the Shining One.
   396 | D        | Found a white marble altar of Elyvilon.
   396 | D        | Noticed a deep elf mage
   399 | D        | Reached **** piety under Trog
   400 | D        | Killed from afar by a deep elf mage

Skill      XL: |  1  2  3  4  5 |
---------------+----------------+-----
Fighting       | 4 5 6 |  6.7
Axes           | 4 6 8 |  8.8
Armour         | 3 4 5 6 |  6.1
Dodging        | 3 5 |  5.5

Action                   |  1- 3 |  4- 6 || total
-------------------------+-------+-------++-------
Melee: Hand axe          |    22 |     2 ||    24
       Headbutt          |     3 |     1 ||     4
Invok: Berserk           |     2 |     1 ||     3
       Burn Spellbooks   |       |     1 ||     1
  Eat: Chunk             |       |     1 ||     1
Armor: Animal skin       |     2 |       ||     2
Dodge: Dodged            |    13 |     1 ||    14
